 Dungeon Crawl Stone Soup version 0.29-a0-393-g47a863cc1b (webtiles) character file.

Game seed: 15693950767750912483

94 HendSelp the Ruffian (level 4, -10/35 HPs)
             Began as a Draconian Transmuter on May 10, 2022.
             Killed from afar by an orc (23 damage)
             ... with a bolt of acid
             ... on level 3 of the Dungeon.
             The game lasted 00:02:02 (3336 turns).

HendSelp the Ruffian (Draconian Transmuter)         Turns: 3336, Time: 00:02:06

Health: -10/35     AC:  6    Str: 15    XL:     4   Next: 38%
Magic:  7/7        EV: 12    Int: 25    God:
Gold:   195        SH:  0    Dex: 11    Spells: 6/7 levels left

rFire   . . .      SeeInvis .     - Unarmed
rCold   . . .      Faith    .   (no shield)
rNeg    . . .      Spirit   .   (body armour unavailable)
rPois   .          Reflect  .   (helmet restricted)
rElec   .          Harm     .   n - +0 cloak
rCorr   .          Rampage  .   (no gloves)
Will    .....                   (no boots)
Stlth   +.........              (no amulet)
HPRegen 0.11/turn               b - +6 ring of intelligence
MPRegen 0.10/turn               h - +6 ring of intelligence

@: no status effects
A: AC +5, unfitting armour, cold-blooded
a: no special abilities


You were on level 3 of the Dungeon.
You visited 1 branch of the dungeon, and saw 3 of its levels.

You collected 195 gold pieces.

Inventory:

Missiles
 f - a throwing net
Armour
 n - a +0 cloak (worn)
Jewellery
 b - a +6 ring of intelligence (left hand)
 d - a ring of willpower
 h - a +6 ring of intelligence (right hand)
 l - a ring of protection from fire
Wands
 c - a wand of iceblast (5)
Scrolls
 o - a scroll of magic mapping {unknown}
 p - a scroll of torment {unknown}
Potions
 a - a potion of lignification
 e - 3 potions of degeneration {unknown}
 g - a potion of curing {unknown}
 i - 3 potions of haste {unknown}
 j - a potion of resistance {unknown}
 k - a potion of brilliance {unknown}
 m - a potion of might {unknown}


   Skills:
 + Level 1.5 Fighting
 - Level 1.7 Dodging
 + Level 4.8 Unarmed Combat
 + Level 2.2 Spellcasting
 + Level 2.2 Transmutations


You had 6 spell levels left.
You knew the following spells:

 Your Spells              Type           Power      Damage    Failure   Level
a - Beastly Appendage     Tmut           28%        N/A       4%          1

Your spell library contained the following spells:

 Spells                   Type           Power      Damage    Failure   Level
 Wereblood                Tmut           14%        N/A       7%          2
 Slow                     Hex            8%         N/A       11%         1
 Spider Form              Tmut/Pois      8%         N/A       21%         3
 Ignite Poison            Fire/Tmut/Pois 6%         N/A       24%         3
 Confusing Touch          Hex            2%         N/A       32%         3
 Conjure Flame            Conj/Fire      2%         6-21      32%         3
 Vampiric Draining        Necr           2%         2d6       32%         3
 Ice Form                 Ice/Tmut       8%         N/A       56%         4
 Sticky Flame             Conj/Fire      2%         2d3       73%         4


Dungeon Overview and Level Annotations

Branches:
Dungeon (3/15)

Altars:
Fedhas
Makhleb
Vehumet
Yredelemnul

Shops:
D:1 !   D:3 !


Innate Abilities, Weirdness & Mutations

Your plain brown scales are hard. (AC +5)
You cannot fit into any form of body armour.
You are cold-blooded and may be slowed by cold attacks.


Message History

Unknown command.
No target in view!
Found a stone staircase leading down.
No target in view!
An orc comes into view. It is wielding a +0 hand axe.
The orc shouts!
You hear a shout!
An orc comes into view.
It is wielding a +0 hand axe and carrying a wand of acid (7).
There are monsters nearby!
An orc wizard comes into view. It is wielding a +0 dagger.
The orc wizard shouts!
The orc unwields a +0 hand axe.
The orc wields a +0 hunting sling.
The orc shoots a sling bullet.
The sling bullet hits you.
The orc wizard moves out of view.
There are monsters nearby!
You punch the orc!
You kill the orc!
An orc wizard is nearby!
Things that are here:
a +0 hand axe; an orc corpse You hit the orc wizard but do no damage.
The orc wizard hits you but does no damage.
You hit the orc wizard.
The orc wizard is lightly wounded.
The orc wizard gestures at you while chanting.
The puff of flame hits you.
You hit the orc wizard.
The orc wizard is moderately wounded.
You hit the orc wizard.
The orc wizard is moderately wounded.
You hit the orc wizard.
The orc wizard is severely wounded.
The orc wizard closely misses you.
The orc unwields a +0 hunting sling.
The orc wields a +0 hand axe.
The orc hits you with a +0 hand axe.
You hit the orc wizard but do no damage.
You tail-slap the orc wizard, but do no damage.
The orc wizard is severely wounded.
The orc wizard casts a spell at you. The magic dart hits you!
The orc zaps a wand.
The bolt of acid hits you!!
Ouch! That really hurt!
You die...

##'## ### #.#######
##.## #........
####...###..#####>
..#.....#...#####. #
#.................
#.##.................
.#
#...oo......#..#####.
.# #
#@#.....##........ ##
#. #.##...###.#######
#.#####.###.# #.#
#.......# ## #.#
#.>..#### #.# #
#.##.# #.# ♣## # #.#
#.# ∩.♣ ##.########
#.# # ♣.# #
#.........# #.# #####


You could see an orc wizard and an orc.

Vanquished Creatures
  3 adders (D:2)
  An ufetubus (D:3)
  A worm (D:2)
  A dart slug (D:3)
  3 orcs (D:3)
  4 endoplasms
  11 goblins (D:2)
  5 hobgoblins
  2 jackals (D:3)
  2 kobolds
  3 quokkas
  2 ball pythons
  6 bats
  7 frilled lizards
  A rat (D:2)
52 creatures vanquished.

Notes
Turn   | Place    | Note
-------+----------+-------------------------------------------
     0 | D:1      | HendSelp the Draconian Transmuter began the quest for the
                  | Orb.
     0 | D:1      | Reached XP level 1. HP: 16/16 MP: 3/3
    94 | D:1      | Found Semelaju's Distillery.
   618 | D:1      | You fall into a shaft and drop 1 floor!
   683 | D:2      | Reached XP level 2. HP: 17/23 MP: 5/5
   939 | D:2      | Found a faded altar of an unknown god.
  1151 | D:2      | Reached skill level 4 in Unarmed Combat
  1151 | D:2      | Reached XP level 3. HP: 19/28 MP: 6/6
  2438 | D:3      | Found a burning altar of Makhleb.
  2461 | D:3      | Reached XP level 4. HP: 34/35 MP: 7/7
  2509 | D:3      | Found Utiexan's Distillery.
  2671 | D:3      | Found a basalt altar of Yredelemnul.
  2923 | D:3      | Found a radiant altar of Vehumet.
  2996 | D:3      | Found a blossoming altar of Fedhas.
  3336 | D:3      | Killed from afar by an orc

Illustrated notes

Levels and vault maps discovered:
D:1:      saegor_arrival_simple_e, layout_basic, serial_shops,
          nicolae_shop_hallway_plus
D:2:      cheibrodos_greedy_goblins, layout_basic,
          shapermc_ecumenical_altar_ellora, serial_glass, glass_columns_a,
          glass_columns_c, glass_columns_b, glass_columns_b, glass_columns_a,
          glass_columns_b
D:3:      layout_loops_corners, old_standard_altar, lemuel_crystal_altar,
          mainiacjoe_overflow_paths, nicolae_overflow_crystal_walls,
          serial_shops, nicolae_shop_trees

Skill      XL: |  1  2 |
---------------+-------+-----
Unarmed Combat | 4 |  4.8
Fighting       | |  1.5
Dodging        | |  1.7
Spellcasting   | |  2.2
Transmutations | |  2.2

Action                   |  1- 3 |  4- 6 || total
-------------------------+-------+-------++-------
Melee: Unarmed           |   117 |    67 ||   184
       Tailslap          |     7 |     6 ||    13
       Punch             |     4 |     3 ||     7
  Use: Scroll            |     4 |       ||     4
Armor: Skin              |    27 |    20 ||    47
Dodge: Dodged            |    63 |    40 ||   103

Table legend: (Time is in decaauts)
 A = Elapsed time spent in this place.
 B = Non-inter-level travel time spent in this place.
 C = Inter-level travel time spent in this place.
 D = Time resting spent in this place.
 E = Time spent auto-exploring this place.
 F = Levels seen in this place.
 G = Mean time per level.
                   A        B        C        D        E       F      G
               +--------+--------+--------+--------+--------+-----+--------+
         Total |   3319 |   3294 |     25 |    100 |   2798 |   3 | 1106.3 |
       Dungeon |   3319 |   3294 |     25 |    100 |   2798 |   3 | 1106.3 |
               +--------+--------+--------+--------+--------+-----+--------+

Top non-repeatable levels by time:
     D:2: 1787 daAuts
     D:3: 914 daAuts
     D:1: 617 daAuts
